 Dungeon Crawl Stone Soup version 0.31-a0-236-g9a0961fb85 (webtiles) character file.

Game seed: 11330284121249248176

46 innerfire43 the Trooper (level 3, -4/29 HPs)
             Began as a Demonspawn Monk on July 10, 2023.
             Was a Believer of Vehumet.
             Slain by an iguana (6 damage)
             ... on level 4 of the Dungeon.
             The game lasted 00:01:24 (1011 turns).

innerfire43 the Trooper (Demonspawn Monk)           Turns: 1011, Time: 00:01:25

Health: -4/29      AC: 13    Str: 13    XL:     3   Next: 44%
Magic:  3/3        EV: 10    Int: 11    God:    Vehumet [**....]
Gold:   51         SH:  0    Dex: 15    Spells: 2/2 levels left

rFire   . . .        a - +0 hand axe
rCold   . . .        d - orb {light}
rNeg    . . .        p - +4 scale mail
rPois   +            (no helmet)
rElec   .            n - +0 cloak
rCorr   .            (no gloves)
SInv    .            (no boots)
Will    .....        (no amulet) Stlth
                     o - ring of poison resistance
HPRegen 0.24/turn    (no ring)
MPRegen 0.08/turn

%: no passive effects
@: glowing
A: slimy green scales 1
a: Renounce Religion


You were on level 4 of the Dungeon.
You worshipped Vehumet.
Vehumet was pleased with you.
You visited 1 branch of the dungeon, and saw 3 of its levels.

You collected 51 gold pieces.

Inventory:

Hand Weapons
 a - a +0 hand axe (weapon)
Armour
 b - a +0 robe
 d - an orb of light (worn)
 n - a +0 cloak (worn)
 p - a +4 scale mail (worn)
Jewellery
 o - a ring of poison resistance (left hand)
Scrolls
 e - a scroll of revelation {unknown}
 h - a scroll of identify {unknown}
 k - a scroll of fear {unknown}
 l - a scroll of teleportation {unknown}
Potions
 c - a potion of ambrosia
 f - a potion of resistance {unknown}
 g - a potion of berserk rage {unknown}
 i - a potion of magic {unknown}
 j - a potion of invisibility {unknown}
 m - a potion of enlightenment {unknown}


   Skills:
 + Level 3.5 Fighting
 + Level 3.2 Axes
 + Level 3.2 Dodging


You had 2 spell levels left.
You didn't know any spells.
Your spell library contained the following spells:

 Spells                   Type           Power      Damage    Failure   Level
 Static Discharge         Conj/Air       0%         2-2/arc   95%         2
 Vhi's Electric Charge    Tloc/Air       0%         N/A       99%         3
 Arcjolt                  Conj/Air       0%         1d10      100%        5
 Maxwell's Capacitive Co  Air            0%         ∞         100%        8


Dungeon Overview and Level Annotations

Branches:
Dungeon (2/15)

Altars:
Vehumet


Innate Abilities, Weirdness & Mutations

You are partially covered in slimy green scales. (AC +2)


Message History

No target in view!
You pick up Maxwell's Memoranda and begin reading...
You add the spells Vhi's Electric Charge, Arcjolt and Maxwell's Capacitive Coupling to your library.
No target in view!
You now have 51 gold pieces (gained 9).
An iguana comes into view.
Found a scroll labelled NESEJE LULASKA and 11 gold pieces.
Found an escape hatch in the ceiling.
An iguana is nearby!
You hit the iguana but do no damage. The iguana bites you!
You hit the iguana.
The iguana is lightly wounded.
The iguana bites you.
You hit the iguana but do no damage.
The iguana is lightly wounded.
The iguana barely misses you.
You hit the iguana but do no damage.
The iguana is lightly wounded.
The iguana bites you but does no damage.
You barely miss the iguana.
The iguana is lightly wounded.
The iguana bites you! The iguana bites you.
* * * LOW HITPOINT WARNING * * *
You hit the iguana but do no damage.
The iguana is lightly wounded.
The iguana bites you but does no damage.
You hit the iguana.
The iguana is lightly wounded.
The iguana closely misses you.
You barely miss the iguana.
The iguana is lightly wounded.
The iguana closely misses you.
You hit the iguana.
The iguana is moderately wounded.
The iguana bites you!
* * * LOW HITPOINT WARNING * * *
You hit the iguana.
The iguana is heavily wounded.
The iguana bites you.
You die...

###### ###
#....## ..###
#.....###
...>#
#.#.#...#
....#
###.####@l#
...######...#
#.?..#
.#####....###
#..<...#
.###.......#
..###?.#
..#.......##
##. ...#
.......#..#
#. $..#
###....##.#
.. #.. #
##..##.... ..
.. # #...#
.....


You could see an iguana.

Vanquished Creatures
  An iguana (D:4)
  A dart slug (D:4)
  2 bats (D:1)
  An endoplasm (D:4)
  A giant cockroach (D:4)
  3 goblins
  A hobgoblin (D:2)
  3 quokkas (D:1)
  A kobold (D:1)
  A rat (D:1)
15 creatures vanquished.

Notes
Turn   | Place    | Note
-------+----------+-------------------------------------------
     0 | D:1      | innerfire43 the Demonspawn Monk began the quest for the
                  | Orb.
     0 | D:1      | Reached XP level 1. HP: 18/18 MP: 1/1
   476 | D:1      | Found a faded altar of an unknown god.
   678 | D:1      | Prayed at the altar of an unknown god.
   678 | D:1      | Became a worshipper of Vehumet
   678 | D:1      | Reached * piety under Vehumet
   678 | D:1      | Offered knowledge of Foxfire by Vehumet.
   678 | D:1      | Reached ** piety under Vehumet
   753 | D:1      | Gained mutation: You are partially covered in slimy green
                  | scales. (AC +2) [demonic ancestry]
   753 | D:1      | Reached XP level 2. HP: 24/24 MP: 2/2
   866 | D:2      | You fall into a shaft and drop 2 floors!
   921 | D:4      | Offered knowledge of Static Discharge by Vehumet.
   922 | D:4      | Reached XP level 3. HP: 24/29 MP: 3/3
  1011 | D:4      | Slain by an iguana

Illustrated notes

Levels and vault maps discovered:
D:1:      dpeg_arrival_rooms_a, layout_loops_ring,
          dreamdust_ecumenical_altar_angels_and_demons, minmay_fountain_box
D:2:      layout_rooms, basic_altar, dk_vineyard_3
D:4:      layout_cave_pools

Skill      XL: |  1  2 |
---------------+-------+-----
Dodging        | 3 |  3.2
Axes           | 3 |  3.2
Fighting       | |  3.5

Action                     || total
---------------------------++-------
  Melee: Hand axe          ||    60
 Armour: Robe              ||     7
         Scale mail        ||     9
         Skin              ||     2
  Dodge: Dodged            ||    43

Table legend: (Time is in decaauts)
 A = Elapsed time spent in this place.
 B = Non-inter-level travel time spent in this place.
 C = Inter-level travel time spent in this place.
 D = Time resting spent in this place.
 E = Time spent auto-exploring this place.
 F = Levels seen in this place.
 G = Mean time per level.
                   A        B        C        D        E       F      G
               +--------+--------+--------+--------+--------+-----+--------+
         Total |   1018 |    935 |     83 |      0 |    768 |   3 |  339.3 |
       Dungeon |   1018 |    935 |     83 |      0 |    768 |   3 |  339.3 |
               +--------+--------+--------+--------+--------+-----+--------+

Top non-repeatable levels by time:
     D:1: 797 daAuts
     D:4: 148 daAuts
     D:2: 72 daAuts
